 Dungeon Crawl Stone Soup version 0.25-a0-265-g7af84ae0ac (webtiles) character file.

Game seed: 15350820585314836717, levelgen mode: deterministic

30 Nierin the Ducker (level 3, -1/17 HPs)
             Began as a Felid Berserker on Dec 7, 2019.
             Was a Follower of Trog.
             Slain by an orc wizard
             ... wielding a +0 dagger
              (3 damage)
             ... on level 4 of the Dungeon.
             The game lasted 00:01:36 (729 turns).

Nierin the Ducker (Felid Berserker)                  Turns: 729, Time: 00:01:36

Health: -1/17      AC:  1    Str: 14    XL:     3   Next: 3%
Magic:  4/4        EV: 20    Int:  8    God:    Trog [*.....]
Gold:   44         SH:  0    Dex: 15    Spells: 2/2 levels left
                                        Lives:  0   Deaths: 0

rFire    . . .     SeeInvis +     - Unarmed
rCold    . . .     Gourm    .   (shield unavailable)
rNeg     . . .     Faith    .   (armour unavailable)
rPois    .         Spirit   .   (helmet unavailable)
rElec    .         Reflect  .   (cloak unavailable)
rCorr    .         Harm     .   (gloves unavailable)
MR       .....                  (boots unavailable)
Stlth    ++........             (no amulet)
HPRegen  0.05/turn              (no ring)
MPRegen  0.09/turn              (no ring)

@: berserk cooldown, slowed, slow
A: very small, no armour, no weapons or thrown items, stealth, claws 1, fangs 3,
see invisible, carnivore, speed 1, shaggy fur 1, slow metabolism 1, sharp paws
a: Berserk, Renounce Religion


You were on level 4 of the Dungeon.
You worshipped Trog.
Trog was aware of your devotion.
You were very full.

You visited 1 branch of the dungeon, and saw 4 of its levels.

You collected 44 gold pieces.

Inventory:

Scrolls
 b - a scroll of fear {unknown}
 e - a scroll of identify {unknown}
 g - a scroll of fog {unknown}
 h - a scroll of magic mapping {unknown}
Potions
 c - a potion of magic {unknown}
 d - a potion of degeneration {unknown}
 i - a potion of curing {unknown}
Comestibles
 a - a ration


   Skills:
 + Level 3.4 Fighting
 + Level 4.6 Dodging
 + Level 3.4 Unarmed Combat


You had 2 spell levels left.
You didn't know any spells.
Your spell library was empty.

Dungeon Overview and Level Annotations

Branches:
Dungeon (4/15)
 Temple: D:4-7

Altars:


Innate Abilities, Weirdness & Mutations

You cannot wear armour.
You are incapable of wielding weapons or throwing items.
Your paws allow you to move quietly. (Stealth)
You have sharp claws.
You have razor-sharp teeth.
You have supernaturally acute eyesight. (SInv)
You are carnivorous and can eat meat at any time.
You cover ground quickly.
You are covered in fur. (AC +1)
You have a slow metabolism.
Your sharp claws are effective at attacking unaware monsters.


Message History

The orc wizard hits you with a +0 dagger.
* * * LOW HITPOINT WARNING * * *
You scratch the orc wizard. Your bite misses the orc wizard.
The orc wizard is moderately wounded.
The orc wizard hits you with a +0 dagger.
* * * LOW HITPOINT WARNING * * *
You barely miss the orc wizard. Your claw misses the orc wizard.
The orc wizard is moderately wounded.
The orc wizard gestures at you while chanting.
You resist with some effort. The orc wizard closely misses you.
You scratch the orc wizard.
The orc wizard is moderately wounded.
The phantom completely misses you.
The orc wizard points at you and mumbles some strange words.
You resist with some effort.
You closely miss the orc wizard.
The orc wizard is moderately wounded.
The phantom blinks!
The orc wizard hits you with a +0 dagger.
You die...

..........%...........#
#####............######
#.#########......... #.
#)#.###### #. #)#.# #
#.#.# ######.#.#
#......#.# #...o@.#.#
#...ยง..# #......#
#......# .......W#
###.....## #.....#
#.....#


You could see a phantom and an orc wizard.

Vanquished Creatures
  A worm (D:4)
  2 leopard geckos
  2 orcs (D:4)
  2 giant cockroaches
  2 goblins (D:1)
  4 hobgoblins (D:1)
  A kobold (D:2)
  A quokka (D:2)
  2 bats (D:1)
  2 frilled lizards
  A rat (D:3)
20 creatures vanquished.

Notes
Turn   | Place    | Note
-------+----------+-------------------------------------------
     0 | D:1      | Nierin the Felid Berserker began the quest for the Orb.
     0 | D:1      | Reached XP level 1. HP: 10/10 MP: 2/2
   171 | D:1      | Reached XP level 2. HP: 10/14 MP: 3/3
   719 | D:4      | Reached XP level 3. HP: 8/17 MP: 4/4
   721 | D:4      | Noticed a phantom
   729 | D:4      | Slain by an orc wizard

Levels and vault maps discovered:
D:1:      minmay_arrival_checkered_box, layout_loops_ring, amethyst_killhole
D:2:      layout_rooms, nicolae_ru_great_annihilating_truth,
          chequers_ecumenical_altar_lobes, minmay_3d_cube
D:3:      layout_rooms, chequers_temple_overflow_statue_of_worship
D:4:      layout_basic, first_ration

Action                   || total
-------------------------++-------
Melee: Unarmed           ||    58
       Bite              ||     5
Invok: Berserk           ||     2
 Stab: Sleeping          ||     3
  Eat: Chunk             ||     8
Armor: Skin              ||     3
Dodge: Dodged            ||    45

Table legend:
 A = Non-vault XP
 B = Vault XP
 C = Vault XP percentage of total XP
 D = Non-vault monster count
 E = Vault monster count
 F = Vault count percentage of total count
                 A         B        C        D         E       F
            +---------+---------+-------+---------+---------+-------
      Total |      43 |       0 |   0.0 |      20 |       0 |   0.0
            +---------+---------+-------+---------+---------+-------
        D:1 |      21 |       0 |   0.0 |      11 |       0 |   0.0
        D:2 |      10 |       0 |   0.0 |       5 |       0 |   0.0
        D:3 |       1 |       0 |   0.0 |       1 |       0 |   0.0
        D:4 |      11 |       0 |   0.0 |       3 |       0 |   0.0
            +---------+---------+-------+---------+---------+-------
